 Dungeon Crawl Stone Soup version 0.28.0-49-g6dfe1f597d (webtiles) character file.

Game seed: 522101646341372460

49 issech the Magician (level 3, 0/37 HPs)
             Began as a Gnoll Wanderer on May 18, 2022.
             Slain by Grinder (4 damage)
             ... on level 3 of the Dungeon.
             The game lasted 00:07:17 (2278 turns).

issech the Magician (Gnoll Wanderer)                Turns: 2278, Time: 00:07:18

Health: 0/37       AC: 21    Str: 10    XL:     3   Next: 75%
Magic:  9/9        EV:  2    Int: 11    God:
Gold:   62         SH:  0    Dex: 14    Spells: 8/12 levels left

rFire   . . .      SeeInvis .   a - +2 short sword
rCold   . . .      Faith    .   (no shield)
rNeg    . . .      Spirit   .   (armour currently unavailable)
rPois   +          Reflect  .   (helmet currently unavailable)
rElec   .          Harm     .   (cloak currently unavailable)
rCorr   .          Rampage  .   (gloves currently unavailable)
Will    .....      NoTele   +   (boots currently unavailable)
Stlth   +++.......              (no amulet)
HPRegen 0.12/turn               (no ring)
MPRegen 0.11/turn               (no ring)

@: tree-form
A: stationary, stasis, torment immunity, boosted hp, (fangs 1), strong nose,
distributed training
a: no special abilities


You were on level 3 of the Dungeon.
You were a tree.
You visited 1 branch of the dungeon, and saw 3 of its levels.

You collected 62 gold pieces.

Inventory:

Hand Weapons
 a - a +2 short sword (weapon)
 g - a +0 flail
 i - a +0 spear
 j - a +0 whip
Missiles
 d - 70 stones
 o - 23 arrows
 p - 5 boomerangs (quivered)
Armour
 b - a +1 pair of boots (melded)
 c - a +0 robe
 h - a +0 ring mail
 k - a +0 scale mail (melded)
 m - a +0 pair of gloves (melded)
Potions
 e - a potion of berserk rage {unknown}
 f - a potion of lignification {unknown}
 l - a potion of attraction {unknown}
 n - a potion of heal wounds {unknown}


   Skills:
 + Level 0.9 Fighting
 + Level 4.5 Short Blades
 + Level 0.9 Long Blades
 + Level 0.9 Axes
 + Level 0.9 Maces & Flails
 + Level 0.9 Polearms
 + Level 0.9 Staves
 + Level 0.9 Slings
 + Level 0.9 Bows
 + Level 0.9 Crossbows
 + Level 2.6 Throwing
 + Level 2.6 Armour
 + Level 0.9 Dodging
 + Level 4.2 Stealth
 + Level 0.9 Shields
 + Level 0.9 Unarmed Combat
 + Level 5.0 Spellcasting
 + Level 0.6 Conjurations
 + Level 0.6 Hexes
 + Level 0.6 Summonings
 + Level 0.6 Necromancy
 + Level 0.6 Translocations
 + Level 0.6 Transmutations
 + Level 0.6 Fire Magic
 + Level 3.8 Ice Magic
 + Level 0.6 Air Magic
 + Level 0.6 Earth Magic
 + Level 0.6 Poison Magic
 + Level 1.0 Invocations
 + Level 0.9 Evocations


You had 8 spell levels left.
You knew the following spells:

 Your Spells              Type           Power      Damage    Failure   Level
a - Freeze                Ice            44%        1d6       4%          1
b - Ozocubu's Armour      Ice            11%        N/A       14%         3

Your spell library contained the following spells:

 Spells                   Type           Power      Damage    Failure   Level


Dungeon Overview and Level Annotations

Branches:
Dungeon (3/15)

Altars:

Annotations:
D:3 Grinder


Innate Abilities, Weirdness & Mutations

You are a tree.
Your roots penetrate the ground, keeping you stationary.
You cannot be teleported.
You are immune to unholy pain and torment.
Your maximum health is greatly increased.
Your equipment is partially melded.
((You have very sharp teeth.))
Your uncanny sense of smell can sniff out nearby items.
Your experience applies equally to all skills.


Message History

You barely miss Grinder.
Grinder is lightly wounded.
Grinder says, "You look like you could use a good racking."
Grinder hits you.
You hit Grinder but do no damage.
Grinder is lightly wounded.
Grinder zaps a wand.
You resist with significant effort.
The quokka bites you but does no damage.
You hit Grinder.
Grinder is lightly wounded.
Grinder hits you but does no damage. The quokka bites you.
You closely miss Grinder.
Grinder is lightly wounded.
Grinder hits you.
You writhe in agony.
The quokka bites you but does no damage.
Grinder says, "DUCK!"
Grinder zaps a wand.
You turn into a tree.
Your +0 pair of gloves melds into your body.
Your +1 pair of boots melds into your body.
Your +0 scale mail melds into your body.
Your roots penetrate the ground.
You cannot move.
You cannot move.
You cannot move.
You barely miss the quokka.
The quokka bites you but does no damage.
You closely miss the quokka.
The quokka bites you but does no damage.
Grinder hits you.
You writhe in agony.
* * * LOW HITPOINT WARNING * * *
You closely miss the quokka.
The quokka bites you but does no damage.
Grinder hits you but does no damage.
You barely miss Grinder.
Grinder is lightly wounded.
The quokka bites you but does no damage.
Grinder hits you.
* * * LOW HITPOINT WARNING * * *
You writhe in agony.
You die...

.....#...
........# ..
.§......###....
...............#
∆ #..# ...
#..####.... #
#.....#....
#.#r5........
#.#♣....##... #.
#.#.....##...
#..#............
#...............
#....<.........
##.............
#.>...........
###........###
#.........#


You could see Grinder and a quokka.

Vanquished Creatures
  A gnoll (D:1)
  A worm (D:2)
  2 dart slugs
  5 ball pythons
  4 bats
  An endoplasm (D:1)
  4 giant cockroaches
  3 hobgoblins
  2 kobolds (D:1)
  A quokka (D:1)
  A frilled lizard (D:1)
  3 rats
28 creatures vanquished.

Notes
Turn   | Place    | Note
-------+----------+-------------------------------------------
     0 | D:1      | issech the Gnoll Wanderer began the quest for the Orb.
     0 | D:1      | issech set off with the following items: a +2 short sword,
                  | a +0 pair of boots, a +0 robe; and the following spell
                  | memorised: Freeze; and the following spells available to
                  | memorise: Ozocubu's Armour
     0 | D:1      | Reached XP level 1. HP: 13/13 MP: 6/6
   292 | D:1      | Reached XP level 2. HP: 18/19 MP: 4/7
   621 | D:1      | Reached XP level 3. HP: 14/25 MP: 9/9
   819 | D:1      | Reached skill level 5 in Spellcasting
   843 | D:1      | Learned a level 3 spell: Ozocubu's Armour
  1680 | D:2      | Reached skill level 1 in Invocations
  2021 | D:2      | Found a faded altar of an unknown god.
  2263 | D:3      | Noticed Grinder
  2278 | D:3      | Slain by Grinder

Illustrated notes

Levels and vault maps discovered:
D:1:      dpeg_arrival_lava_altar, layout_loops_cross, chequers_garden,
          nicolae_grassy_gnolls
D:2:      layout_loops_ring, shapermc_ecumenical_altar_hornbeckon,
          minmay_misc_feat_plants, kennysheep_generic_room_16
D:3:      layout_basic, nicolae_qazlal_general_emergency, gup_sewer_entry_bowl,
          minmay_misc_feat_iff, uniq_grinder

Skill      XL: |  1  2  3 |
---------------+----------+-----
Spellcasting   | 5 |  5.0
Invocations    | 1 |  1.0
Fighting       | |  0.9
Short Blades   | |  4.5
Long Blades    | |  0.9
Axes           | |  0.9
Maces & Flails | |  0.9
Polearms       | |  0.9
Staves         | |  0.9
Slings         | |  0.9
Bows           | |  0.9
Crossbows      | |  0.9
Throwing       | |  2.6
Armour         | |  2.6
Dodging        | |  0.9
Stealth        | |  4.2
Shields        | |  0.9
Unarmed Combat | |  0.9
Conjurations   | |  0.6
Hexes          | |  0.6
Summonings     | |  0.6
Necromancy     | |  0.6
Translocations | |  0.6
Transmutations | |  0.6
Fire Magic     | |  0.6
Ice Magic      | |  3.8
Air Magic      | |  0.6
Earth Magic    | |  0.6
Poison Magic   | |  0.6
Evocations     | |  0.9

Action                   || total
-------------------------++-------
Melee: Short sword       ||    71
       Bite              ||     5
Throw: Stone             ||    20
       Boomerang         ||    10
 Cast: Freeze            ||    12
  Use: Scroll            ||     1
 Stab: Sleeping          ||     2
Armor: Robe              ||    13
       Scale mail        ||    20
       Skin              ||     5
Dodge: Dodged            ||    42
